 Dungeon Crawl Stone Soup version 0.21.1-1-g345015f (webtiles) character file.

151 Larett the Covert (level 5, 0/34 HPs)
             Began as an Octopode Assassin on Feb 10, 2018.
             Slain by an orc
             ... wielding a +0 flail
              (11 damage)
             ... on level 3 of the Dungeon.
             The game lasted 00:05:10 (2716 turns).

Larett the Covert (Octopode Assassin)               Turns: 2716, Time: 00:05:11

Health: 0/34       AC:  1    Str: 11    XL:     5   Next: 33%
Magic:  5/5        EV: 13    Int: 13    God:
Gold:   132        SH:  0    Dex: 14    Spells: 4/4 levels left

rFire    . . .     SeeInvis .   a - +2 dagger
rCold    . . .     Gourm    .   (no shield)
rNeg     . . .     Faith    .   (helmet restricted)
rPois    .         Spirit   .   (no amulet)
rElec    .         Reflect  .   l - ring of flight
rCorr    .         Harm     .   (no ring)
MR       .....                  (no ring)
Stlth    +++++.....             (no ring)
HPRegen  0.11/turn              (no ring)
MPRegen  0.09/turn              (no ring)
                                (no ring)
                                (no ring)

@: no status effects
A: almost no armour, stealthy swim, amphibious, 8 rings, constrict 8, camouflage
1, gelatinous body 1
a: Evoke Flight


You were on level 3 of the Dungeon.
You were not hungry.

You visited 1 branch of the dungeon, and saw 3 of its levels.

You collected 132 gold pieces.

Inventory:

Hand Weapons
 a - a +2 dagger (weapon)
 b - a +0 blowgun
Missiles
 c - 33 poisoned needles
 d - 2 curare-tipped needles
 x - 131 stones (quivered)
 A - 23 bolts
 B - 19 sling bullets
Jewellery
 l - a ring of flight (left tentacle)
Wands
 I - a wand of iceblast (10)
Scrolls
 s - a scroll of enchant armour {unknown}
 v - a scroll of enchant weapon {unknown}
 w - a scroll of immolation {unknown}
 y - 2 scrolls of remove curse
 T - a scroll of teleportation
Potions
 z - a potion of resistance
 V - a potion of haste {unknown}
Comestibles
 f - 5 rations


   Skills:
 - Level 2.0 Fighting
 - Level 2.0 Short Blades
 - Level 2.0 Throwing
 - Level 1.0 Dodging
 + Level 9.0 Stealth


You had 4 spell levels left.
You didn't know any spells.

Dungeon Overview and Level Annotations

Branches:
Dungeon (3/15)

Altars:
Ru


Innate Abilities, Weirdness & Mutations

You cannot wear most types of armour.
You are very stealthy in the water. (Stealth+)
You are amphibious.
You can wear up to eight rings at the same time.
You can use your tentacles to constrict eight enemies at once.
Your skin changes colour to match your surroundings (Stealth+).
Your rubbery body absorbs attacks. (AC +1, EV +1)


Message History

You constrict the orc. You hit the orc but do no damage.
The orc is moderately wounded.
You constrict the orc, but do no damage.
The orc hits you with a mace of protection.
You barely miss the orc. You squeeze the orc.
The orc is severely wounded.
You constrict the orc. The orc completely misses you.
You hit the orc.
You kill the orc!
The orc throws a tomahawk.
The tomahawk barely misses you.
You hit the orc but do no damage. Your grab misses the orc.
The orc hits you with a whip.
You hit the orc but do no damage. Your grab misses the orc.
You squeeze the orc, but do no damage. The orc hits you with a whip.
You hit the orc. You grab the orc.
You kill the orc!
You closely miss the orc. You grab the orc. You constrict the orc.
The orc hits you with a flail!
You die...

#........# #.##..o..##
#........(# #########.##
...........#
...#####.################
#.................
#o####.####.####.#
#@#..'.'..#.#).'.'
#.#..#.#..#.#..#.#
#.#'##.#+##.#'##.#
#.................
#.#'##.#+##.#+##.#
#(#..#.#..#.#..#.#
#.#..#.#..รท.'.)#.#
#.####.####.####.#
#.................


You could see an orc.

Vanquished Creatures
  An orc wizard (D:3)
  A worker ant zombie (D:3)
  4 adders
  An ooze (D:3)
  A worm (D:2)
  A dart slug (D:2)
  4 leopard geckos (D:1)
  6 orcs (D:3)
  3 giant cockroaches
  6 goblins
  3 hobgoblins
  4 jackals (D:1)
  A quokka (D:2)
  A ball python (D:3)
  13 bats
  A frilled lizard (D:3)
  2 kobolds
  6 rats
59 creatures vanquished.

Notes
Turn   | Place    | Note
-------+----------+-------------------------------------------
     0 | D:1      | Larett the Octopode Assassin began the quest for the Orb.
     0 | D:1      | Reached XP level 1. HP: 14/14 MP: 1/1
   300 | D:1      | Reached skill level 6 in Stealth
   300 | D:1      | Reached XP level 2. HP: 19/19 MP: 2/2
   856 | D:1      | Reached XP level 3. HP: 24/24 MP: 1/3
  1139 | D:2      | Reached skill level 7 in Stealth
  1673 | D:2      | Reached XP level 4. HP: 29/29 MP: 4/4
  2169 | D:3      | Reached skill level 8 in Stealth
  2305 | D:3      | Found a sacrificial altar of Ru.
  2344 | D:3      | Reached XP level 5. HP: 33/34 MP: 5/5
  2625 | D:3      | Reached skill level 9 in Stealth
  2716 | D:3      | Slain by an orc

Skill      XL: |  1  2  3  4  5 |
---------------+----------------+-----
Stealth        | 6 7 8 9 |  9.0
Fighting       | |  2.0
Short Blades   | |  2.0
Throwing       | |  2.0
Dodging        | |  1.0

Action                   |  1- 3 |  4- 6 || total
-------------------------+-------+-------++-------
Melee: Dagger            |    64 |    48 ||   112
       Constrict         |    21 |    12 ||    33
       Tentacles         |     7 |     9 ||    16
 Abil: Evoke Flight      |     1 |       ||     1
  Use: Scroll            |     1 |     2 ||     3
 Stab: Sleeping          |    15 |     7 ||    22
  Eat: Chunk             |     2 |     4 ||     6
Armor: Skin              |     5 |     1 ||     6
Dodge: Dodged            |    36 |    22 ||    58
